 Dungeon Crawl Stone Soup version 0.31.0-11-ge490571c62 (webtiles) character file.

Game seed: 10461567265670459986

902 qw the Shooter (level 7, -2/35 HPs)
             Began as a Spriggan Hunter on Feb 3, 2024.
             Was a Follower of Okawaru.
             Slain by a water moccasin (6 damage)
             ... on level 4 of the Dungeon.
             The game lasted 00:00:17 (3330 turns).

qw the Shooter (Spriggan Hunter)                    Turns: 3330, Time: 00:00:17

Health: -2/35      AC:  2    Str:  7    XL:     7   Next: 80%
Magic:  10/10      EV: 22    Int: 11    God:    Okawaru [*.....]
Gold:   204        SH:  0    Dex: 20    Spells: 6/6 levels left

rFire   . . .        d - +1 arbalest
rCold   . . .        (shield currently unavailable)
rNeg    . . .        c - +0 robe
rPois   .            (helmet restricted)
rElec   .            (no cloak)
rCorr   .            (gloves unavailable)
SInv    +            (boots unavailable)
Will    +....        (no amulet)
Stlth   ++           (no ring)
HPRegen 0.25/turn    (no ring)
MPRegen 0.12/turn

%: no passive effects
@: lethally poisoned (-2 -> -6), about to teleport, very quick
A: very small, no large weapons, unfitting armour, see invisible, speed 3
a: Renounce Religion, Heroism


You were on level 4 of the Dungeon.
You worshipped Okawaru.
Okawaru was aware of your devotion.
You visited 2 branches of the dungeon, and saw 6 of its levels.

You collected 204 gold pieces.


Innate Abilities, Weirdness & Mutations

You are very small and have problems with some larger weapons.
You are too small for most types of armour.
You have supernaturally acute eyesight. (SInv)
You cover ground extremely quickly. (Speed+++)


   Skills:
 - Level 2.0 Fighting
 + Level 7.7 Ranged Weapons
 - Level 7.0 Dodging
 - Level 1.5 Stealth
 + Level 2.8 Invocations


You had 6 spell levels left.
You didn't know any spells.
Your spell library was empty.

Inventory:

Hand Weapons
 d - a +1 arbalest (weapon)
Armour
 c - a +0 robe (worn)
Jewellery
 b - a ring of fire
Wands
 l - a wand of roots (12)
Scrolls
 k - 2 scrolls of teleportation
Potions
 f - a potion of curing
 g - a potion of mutation
 h - a potion of might
 i - a potion of haste {unknown}

Dungeon Overview and Level Annotations

Branches:
Dungeon (5/15)             Temple (1/1) D:4

Altars:
Ashenzari
Cheibriados
Dithmenos
Fedhas
Gozag
Hepliaklqana
Kikubaaqudgha
Makhleb
Nemelex Xobeh
Okawaru
Qazlal
Ru
Sif Muna
Trog
Vehumet
Wu Jian
Xom
Zin

Shops:
D:3 [


Message History

You shoot a bolt. The bolt hits the hound!!
You kill the hound!
Okawaru accepts your kill.
You start resting.
You feel like a meek peon again.
Magic restored.
You climb downwards.
The water moccasin bites you.
You are poisoned.
The water moccasin poisons you! The water moccasin misses you.
There is a stone staircase leading up here.
3324 ||| STAIRDANCE You feel very sick.
The water moccasin bites you but does no damage.
You climb upwards.
You feel very sick.
There is a stone staircase leading down here.
You shoot a bolt. The bolt hits the water moccasin.
The water moccasin is lightly wounded.
You feel sick.
The water moccasin completely misses you.
The water moccasin bites you.
You shoot a bolt. The bolt misses the water moccasin.
You feel sick. The water moccasin bites you.
You are more poisoned.
The water moccasin poisons you!
The water moccasin completely misses you.
You shoot a bolt.
The bolt closely misses the water moccasin.
You feel very sick. The water moccasin barely misses you.
The water moccasin bites you. The water moccasin barely misses you.
You shoot a bolt.
The bolt closely misses the water moccasin.
You feel very sick. The water moccasin bites you.
The water moccasin misses you.
3330 ||| READING 3 scrolls of teleportation.
As you read the scroll of teleportation, it crumbles to dust.
You feel strangely unstable.
You feel sick. The water moccasin bites you.
You die...

##......)..'.> ####
##.....####}.
#..###......# ####
##..##.<#....######
#....#.##..........
#......##..........
##.....####.........
#......## #.........
#.S@....# #.........
##.%.....####........
#.........# #........
#.........####.......
#....>.....###.......
#...........###......
##..........###....##
#...........#######
#........##..#


You could see a water moccasin.

Vanquished Creatures
  Pikel (D:4)
  An ogre (D:4)
  3 lemures (D:4)
  A scorpion (D:3)
  A jelly (D:4)
  3 hounds (D:4)
  A sleepcap (D:4)
  An orc wizard (D:4)
  7 adders
  3 ribbon worms
  3 dart slugs
  8 orcs
  5 bats
  7 endoplasms
  5 giant cockroaches
  5 goblins
  5 hobgoblins
  6 jackals
  7 quokkas
  11 ball pythons
  3 frilled lizards
  7 kobolds
  4 rats
98 creatures vanquished.

Notes
Turn   | Place    | Note
-------+----------+-------------------------------------------
     0 | D:1      | qw the Spriggan Hunter began the quest for the Orb.
     0 | D:1      | Reached XP level 1. HP: 10/10 MP: 2/2
     0 | D:1      | 0 ||| qw: Version: 0.3-a-158-g18b3111
     0 | D:1      | 0 ||| qw: Game counter: 4276
     0 | D:1      | 0 ||| qw: Melee chars always use a shield: true
     0 | D:1      | 0 ||| qw: God list: Okawaru
     0 | D:1      | 0 ||| qw: Allow faded altars: false
     0 | D:1      | 0 ||| qw: Do Orc after clearing Dungeon:15 true
     0 | D:1      | 0 ||| qw: Do second Lair branch before Depths: true
     0 | D:1      | 0 ||| qw: Lair rune preference: random
     0 | D:1      | 0 ||| qw: Goals: Normal
     0 | D:1      | 0 ||| PLANNING D:1-11
    33 | D:1      | Reached skill level 3 in Dodging
   122 | D:1      | Reached XP level 2. HP: 12/14 MP: 3/3
   304 | D:1      | Reached XP level 3. HP: 18/18 MP: 4/4
   495 | D:1      | 495 ||| READING scroll labelled QAKONG TUOG MIO.
   498 | D:1      | 498 ||| READING 2 scrolls labelled MAROKHLUJUM.
   498 | D:1      | 498 ||| IDENTIFYING blue potion
   499 | D:1      | 499 ||| READING scroll of identify.
   499 | D:1      | 499 ||| IDENTIFYING orange potion
   500 | D:1      | 500 ||| READING scroll labelled GOATEEV BAFU.
   501 | D:1      | 501 ||| DROPPING scroll of butterflies.
   502 | D:1      | 502 ||| DROPPING potion of lignification.
   503 | D:1      | 503 ||| DROPPING potion of degeneration.
   719 | D:2      | Found a faded altar of an unknown god.
   720 | D:2      | 720 ||| SWAPPING to +0 arbalest.
   734 | D:2      | 734 ||| DROPPING +0 shortbow.
   884 | D:2      | 884 ||| FLEEEEING.
   885 | D:2      | 885 ||| FLEEEEING.
   886 | D:2      | 886 ||| FLEEEEING.
   887 | D:2      | 887 ||| FLEEEEING.
   888 | D:2      | 888 ||| FLEEEEING.
   889 | D:2      | 889 ||| FLEEEEING.
   890 | D:2      | 890 ||| FLEEEEING.
   891 | D:2      | 891 ||| FLEEEEING.
   892 | D:2      | 892 ||| FLEEEEING.
   893 | D:2      | 893 ||| FLEEEEING.
   894 | D:2      | 894 ||| FLEEEEING.
   895 | D:2      | 895 ||| FLEEEEING.
   900 | D:2      | 900 ||| FLEEEEING.
   901 | D:2      | 901 ||| FLEEEEING.
   902 | D:2      | 902 ||| FLEEEEING.
   904 | D:2      | 904 ||| FLEEEEING.
   906 | D:2      | 906 ||| FLEEEEING.
   907 | D:2      | 907 ||| FLEEEEING.
   908 | D:2      | 908 ||| FLEEEEING.
   909 | D:2      | 909 ||| FLEEEEING.
   910 | D:2      | 910 ||| FLEEEEING.
   911 | D:2      | 911 ||| FLEEEEING.
   912 | D:2      | 912 ||| FLEEEEING.
   913 | D:2      | 913 ||| FLEEEEING.
   914 | D:2      | 914 ||| FLEEEEING.
   915 | D:2      | 915 ||| FLEEEEING.
   916 | D:2      | 916 ||| FLEEEEING.
   917 | D:2      | 917 ||| FLEEEEING.
  1016 | D:2      | Reached XP level 4. HP: 22/22 MP: 5/5
  1080 | D:2      | 1080 ||| FLEEEEING.
  1263 | D:2      | 1263 ||| DROPPING ring of flight.
  1264 | D:2      | 1264 ||| READING 3 scrolls of identify.
  1264 | D:2      | 1264 ||| IDENTIFYING scroll labelled JIRUZA DINOUWKA
  1265 | D:2      | 1265 ||| DROPPING scroll of amnesia.
  1344 | D:3      | Noticed a scorpion
  1347 | D:3      | Killed a scorpion
  1348 | D:3      | Reached XP level 5. HP: 16/25 MP: 6/6
  1348 | D:3      | 1348 ||| FLEEEEING.
  1349 | D:3      | 1349 ||| FLEEEEING.
  1350 | D:3      | 1350 ||| FLEEEEING.
  1367 | D:3      | 1367 ||| FLEEEEING.
  1470 | D:3      | Found Jietyl's Antique Armour Shop.
  2215 | D:3      | 2215 ||| READING 2 scrolls of identify.
  2215 | D:3      | 2215 ||| IDENTIFYING sedimented pink potion
  2216 | D:3      | 2216 ||| READING scroll of identify.
  2216 | D:3      | 2216 ||| IDENTIFYING metallic puce potion
  2217 | D:3      | 2217 ||| READING scroll labelled MORRU KUPIH.
  2217 | D:3      | 2217 ||| ENCHANTING +0 arbalest.
  2241 | D:4      | Noticed a lemure
  2241 | D:4      | Noticed a lemure
  2242 | D:4      | Noticed a lemure
  2244 | D:4      | Noticed a lemure
  2245 | D:4      | Noticed Pikel
  2245 | D:4      | 2245 ||| RETREEEEATING.
  2246 | D:4      | Killed a lemure
  2251 | D:4      | Killed a lemure
  2254 | D:4      | HP: 5/26 [lemure[Pikel] (4)]
  2255 | D:4      | 2255 ||| DRINKING potion of heal wounds.
  2256 | D:4      | Killed a lemure
  2269 | D:4      | Found a staircase to the Ecumenical Temple.
  2270 | D:4      | 2270 ||| PLANNING TEMPLE
  2274 | Temple   | Entered the Ecumenical Temple
  2275 | Temple   | 2275 ||| PLANNING OKAWARU WORSHIP
  2290 | Temple   | Became a worshipper of Warmaster Okawaru
  2291 | Temple   | 2291 ||| PLANNING D:1-11
  2316 | D:4      | 2316 ||| RETREEEEATING.
  2317 | D:4      | 2317 ||| RETREEEEATING.
  2319 | D:4      | 2319 ||| RETREEEEATING.
  2321 | D:4      | 2321 ||| RETREEEEATING.
  2328 | D:4      | Killed Pikel
  2328 | D:4      | Reached * piety under Okawaru
  2329 | D:4      | Reached XP level 6. HP: 24/30 MP: 7/7
  2329 | D:4      | Reached XP level 7. HP: 28/35 MP: 8/8
  2482 | D:4      | Found an ornate altar of the Wu Jian Council.
  2548 | D:4      | Reached skill level 6 in Dodging
  2548 | D:4      | Reached skill level 1 in Invocations
  2633 | D:4      | Found a burning altar of Makhleb.
  2676 | D:4      | Found a shadowy altar of Dithmenos.
  2817 | D:4      | Found a hazy altar of Hepliaklqana.
  2818 | D:4      | Found a shimmering altar of Xom.
  2818 | D:4      | Noticed an unseen horror
  2819 | D:4      | Noticed a spectral ugly thing
  2819 | D:4      | Noticed an unseen horror
  3116 | D:4      | 3116 ||| READING 2 scrolls of identify.
  3116 | D:4      | 3116 ||| IDENTIFYING fizzy pink potion
  3117 | D:4      | 3117 ||| READING scroll of identify.
  3117 | D:4      | 3117 ||| IDENTIFYING sapphire potion
  3118 | D:4      | 3118 ||| READING scroll labelled LENTOF ZOFEIGG.
  3119 | D:4      | 3119 ||| READING scroll labelled PAORHO USHISH.
  3121 | D:4      | 3121 ||| Stepping ~*~*~tactically~*~*~ (cloud).
  3244 | D:5      | Entered Level 5 of the Dungeon
  3248 | D:5      | 3248 ||| STAIRDANCE
  3305 | D:5      | Noticed a wraith
  3307 | D:5      | 3307 ||| INVOKING Heroism.
  3308 | D:5      | 3308 ||| STAIRDANCE
  3324 | D:5      | 3324 ||| STAIRDANCE
  3329 | D:4      | HP: 7/35 [poisoned by a water moccasin]
  3330 | D:4      | 3330 ||| READING 3 scrolls of teleportation.
  3330 | D:4      | Slain by a water moccasin

Levels and vault maps discovered:
D:1:      dpeg_arrival_simpleton_c, layout_rooms, serial_bayou_lagoon_a
D:2:      minmay_alternating_diamond, layout_loops_ring,
          dreamdust_ecumenical_altar_angels_and_demons
D:3:      layout_loops_corners, serial_shops, shop, minmay_quantized
D:4:      layout_cave_pods, regret_index_temple_of_mockery,
          mainiacjoe_overflow_24_doors, mainiacjoe_overflow_catch_the_wave,
          temple_doors_ab, nicolae_concentric_dashed_squares_wild,
          chequers_garden, uniq_pikel
D:5:      layout_rooms, nicolae_shop_i_like_small_books_too
Temple:   compressed_dpeg_triangle_lava_temple

Skill      XL: |  1  2  3  4  5  6  7 |
---------------+----------------------+-----
Dodging        | 3 4 5 7 |  7.0
Ranged Weapons | 5 7 |  7.7
Fighting       | 2 |  2.0
Invocations    | 2 |  2.8
Stealth        | |  1.5

Action                     |  1- 3 |  4- 6 |  7- 9 || total
---------------------------+-------+-------+-------++-------
   Fire: Shortbow          |    90 |       |       ||    90
         Arbalest          |    19 |    73 |    50 ||   142
 Invoke: Heroism           |       |       |     1 ||     1
    Use: Scroll            |     4 |     4 |     5 ||    13
         Potion            |       |     1 |       ||     1
 Armour: Robe              |    17 |    14 |     8 ||    39
  Dodge: Dodged            |    63 |    37 |    12 ||   112

Table legend:
 A = Non-vault XP
 B = Vault XP
 C = Vault XP percentage of total XP
 D = Non-vault monster count
 E = Vault monster count
 F = Vault count percentage of total count
                 A         B        C        D         E       F
            +---------+---------+-------+---------+---------+-------
      Total |     674 |     615 |  47.7 |      87 |       8 |   8.4
            +---------+---------+-------+---------+---------+-------
        D:1 |      44 |       0 |   0.0 |      25 |       0 |   0.0
        D:2 |      73 |      10 |  12.0 |      20 |       3 |  13.0
        D:3 |     104 |      12 |  10.3 |      16 |       4 |  20.0
        D:4 |     440 |     593 |  57.4 |      25 |       1 |   3.8
        D:5 |      13 |       0 |   0.0 |       1 |       0 |   0.0
            +---------+---------+-------+---------+---------+-------
